 Dungeon Crawl Stone Soup version 0.24.0-125-gc4c63601f3 (webtiles) character file.

Game seed: 14913481762206964791, levelgen mode: deterministic

58 nightchill the Ruffian (level 3, -8/29 HPs)
             Began as a Draconian Transmuter on Feb 28, 2020.
             Killed by divine providence
             ... invoked by an orc priest
              (12 damage)
             ... on level 3 of the Dungeon.
             The game lasted 00:05:14 (2238 turns).

nightchill the Ruffian (Draconian Transmuter)       Turns: 2238, Time: 00:05:14

Health: -8/29      AC:  5    Str: 13    XL:     3   Next: 76%
Magic:  6/6        EV: 12    Int: 13    God:
Gold:   42         SH:  0    Dex: 11    Spells: 5/6 levels left

rFire    . . .     SeeInvis .     - Unarmed
rCold    . . .     Gourm    .   (no shield)
rNeg     . . .     Faith    .   (armour unavailable)
rPois    .         Spirit   .   (helmet restricted)
rElec    .         Reflect  .   (no cloak)
rCorr    .         Harm     .   (no gloves)
MR       .....                  (no boots)
Stlth    +.........             (no amulet)
HPRegen  0.09/turn              (no ring)
MPRegen  0.10/turn              (no ring)

@: no status effects
A: unfitting armour, cold-blooded, AC +5
a: no special abilities


You were on level 3 of the Dungeon.
You were not hungry.

You visited 1 branch of the dungeon, and saw 3 of its levels.

You collected 42 gold pieces.

Inventory:

Missiles
 a - 12 arrows
 k - 65 stones (quivered)
 o - 15 sling bullets
Armour
 i - a +0 ring mail
Jewellery
 d - a +3 ring of strength {unknown}
Scrolls
 e - 2 scrolls of remove curse {unknown}
 g - 2 scrolls of immolation {unknown}
 h - 2 scrolls of noise {unknown}
 n - 2 scrolls of fear {unknown}
 q - a scroll of fog {unknown}
Potions
 b - a potion of lignification {unknown}
 f - a potion of ambrosia {unknown}
 j - a potion of degeneration {unknown}
 l - a potion of curing {unknown}
 m - a potion of might {unknown}
 p - a potion of invisibility {unknown}
 s - a potion of heal wounds {unknown}
Comestibles
 c - 5 rations
 r - 5 chunks of flesh


   Skills:
 + Level 2.1 Fighting
 - Level 1.7 Dodging
 * Level 4.0 Unarmed Combat
 - Level 2.0 Spellcasting
 + Level 2.6 Transmutations


You had 5 spell levels left.
You knew the following spells:

 Your Spells              Type           Power        Failure   Level  Hunger
a - Beastly Appendage     Tmut           #.....       9%          1    ##.....

Your spell library contained the following spells:

 Spells                   Type           Power        Failure   Level  Hunger
 Sticks to Snakes         Tmut           #.......     13%         2    ###....
 Spider Form              Tmut/Pois      #.........   41%         3    ####...
 Ice Form                 Ice/Tmut       #.......     83%         4    #####..
 Blade Hands              Tmut           #.........   94%         5    ######.


Dungeon Overview and Level Annotations

Branches:
Dungeon (3/15)

Altars:
Gozag
Xom


Innate Abilities, Weirdness & Mutations

Your plain brown scales are hard. (AC +5)
You cannot fit into any form of body armour.
You are cold-blooded and may be slowed by cold attacks.


Message History

You hit the orc.
The orc is almost dead.
The orc hits you.
* * * LOW HITPOINT WARNING * * *
You hit the orc but do no damage. You tail-slap the orc.
You kill the orc!
You hit the orc priest.
Your tail-slap misses the orc priest.
The orc priest is lightly wounded.
The orc priest hits you.
* * * LOW HITPOINT WARNING * * *
You hit the orc priest.
Your tail-slap misses the orc priest.
The orc priest is moderately wounded.
An orc comes into view. It is wielding a +0 dagger.
The orc priest hits you.
* * * LOW HITPOINT WARNING * * *
You hit the orc priest but do no damage.
The orc priest is moderately wounded.
The orc priest mumbles some strange prayers to Beogh against you.
Beogh smites you!
You die...

#####.. #.# #...... #.#
#.###.. #+ #.# #.# #..
... #.# #.# #.# .?..
###.# #.###.# .....
##.#.# #......
......####....#########..
......oo@................
......####....#########..
..o.. ##.### ##.# ....
#.# #..# ... #.# #.## #+
#.# #.# #.# #.## #.# #...
#.# #..#


You could see an orc priest and 2 orcs.

Vanquished Creatures
  An adder (D:2)
  2 worms (D:2)
  3 orcs (D:3)
  6 goblins
  A hobgoblin (D:1)
  4 jackals (D:1)
  5 bats
  2 frilled lizards (D:1)
  8 kobolds
  9 rats
41 creatures vanquished.

Notes
Turn   | Place    | Note
-------+----------+-------------------------------------------
     0 | D:1      | nightchill the Draconian Transmuter began the quest for the
                  | Orb.
     0 | D:1      | Reached XP level 1. HP: 16/16 MP: 3/3
   183 | D:1      | Reached XP level 2. HP: 23/23 MP: 5/5
   899 | D:2      | Found an opulent altar of Gozag.
  1197 | D:2      | Reached XP level 3. HP: 10/29 MP: 6/6
  1916 | D:2      | Found a shimmering altar of Xom.
  2232 | D:3      | Reached skill level 4 in Unarmed Combat
  2238 | D:3      | Killed from afar by an orc priest

Levels and vault maps discovered:
D:1:      dpeg_arrival_boxes_within_box, layout_basic
D:2:      layout_basic, old_standard_altar, lemuel_coloured_pillars_altar
D:3:      layout_loops_corners, old_standard_altar, bloody_trog

Skill      XL: |  1  2  3 |
---------------+----------+-----
Fighting       | 2 |  2.1
Unarmed Combat | 4 |  4.0
Dodging        | |  1.7
Spellcasting   | |  2.0
Transmutations | |  2.6

Action                   || total
-------------------------++-------
Melee: Unarmed           ||   156
       Tailslap          ||    15
       Punch             ||     1
 Stab: Sleeping          ||     2
  Eat: Ration            ||     1
       Chunk             ||     1
Armor: Skin              ||    32
Dodge: Dodged            ||    81
